 Dungeon Crawl Stone Soup version 0.19.0-11-g3fc08b3 (webtiles) character file.

2112 Jerry the Slasher (level 9, -2/63 HPs)
             Began as a Demonspawn Monk on Nov 8, 2016.
             Slain by a gnoll
             ... wielding a cursed +0 halberd
              (9 damage)
             ... on level 7 of the Dungeon.
             The game lasted 00:39:24 (7659 turns).

Jerry the Slasher (Demonspawn Monk)                 Turns: 7659, Time: 00:39:25

Health: -2/63      AC: 13    Str: 13    XL:     9   Next: 8%
Magic:  9/9        EV: 14    Int: 14    God:
Gold:   451        SH:  0    Dex: 15    Spells: 1 memorised, 6 levels left

rFire  . . .     SeeInvis .     I - +0 rapier (venom)
rCold  + + .     Gourm    .     E - +0 leather armour
rNeg   . . .     Faith    .     (no shield)
rPois  .         Spirit   .     y - +1 hat
rElec  .         Reflect  .     o - +0 cloak
rCorr  +         Harm     .     (no gloves)
MR     .....     Rnd*Tele +     (no boots)
Stlth  +++.......               H - amulet "Weifuosa" {+Rage rC++ Int+2}
                                w - +2 ring of protection
                                e - +2 ring of protection

@: repel missiles
A: hooves 1, yellow scales 3, nightstalker 1, teleportitis 1, weak 1, evolution
1, rot immunity
a: Evoke Berserk Rage


You were on level 7 of the Dungeon.
You were hungry.

You visited 2 branches of the dungeon, and saw 8 of its levels.

You collected 451 gold pieces.

Inventory:

Hand Weapons
 a - a +0 falchion
 I - a +0 rapier of venom (weapon)
Armour
 o - a +0 cloak (worn)
 y - a +1 hat (worn)
 E - a +0 leather armour (worn)
Jewellery
 e - a +2 ring of protection (left hand)
 w - a +2 ring of protection (right hand)
 A - an uncursed ring of fire
 H - the amulet "Weifuosa" (around neck) {+Rage rC++ Int+2}
   (You found it on level 5 of the Dungeon)

   [amulet of rage]

   It affects your intelligence (+2).
   It greatly protects you from cold.
   It lets you go berserk.
Wands
 J - a wand of teleportation (5/9)
Scrolls
 i - a scroll of enchant armour {unknown}
 j - a scroll of identify
 n - 2 scrolls of teleportation
 q - 4 scrolls of remove curse
 r - a scroll of enchant weapon
 t - a scroll of immolation
 D - 4 scrolls of amnesia
Potions
 b - a potion of haste
 d - a potion of invisibility
 g - a potion of brilliance {unknown}
 l - a potion of heal wounds
 p - a potion of magic
 B - 2 potions of cancellation
Comestibles
 c - 6 bread rations
 f - 4 meat rations
 h - 2 royal jellies
 m - a slice of pizza
 C - 3 fruits
 K - 2 beef jerkies


   Skills:
 - Level 3.0 Fighting
 - Level 1.5(4.3) Short Blades
 + Level 6.4(6.6) Long Blades
 - Level 4.2 Armour
 - Level 5.1 Dodging
 - Level 2.4 Stealth
 + Level 4.2 Charms
 + Level 4.2 Air Magic


You had 6 spell levels left.
You knew the following spells:

 Your Spells              Type           Power        Failure   Level  Hunger
a - Repel Missiles        Chrm/Air       ##....       12%         2    ###....


Dungeon Overview and Level Annotations

Branches:
Dungeon (7/15)             Temple (1/1) D:5

Altars:
Ashenzari
Cheibriados
Dithmenos
Elyvilon
Fedhas
Gozag
Hepliaklqana
Kikubaaqudgha
Nemelex Xobeh
Okawaru
Ru
Trog
Uskayaw
Vehumet
Xom
Zin
The Shining One

Shops:
D:5 }

Annotations:
D:4 Otomara's ghost, amateur GrEE


Innate Abilities, Weirdness & Mutations

You have large cloven feet.
You are completely covered in yellow scales. (AC +4, rCorr)
You are slightly more attuned to the shadows.
You are immune to rotting.
You are occasionally teleported next to monsters.
You are weak. (Str -2)
You evolve.


Message History

Things that are here:
a club; a short sword You hit the gnoll.
You kick the gnoll, but do no damage.
The gnoll is lightly wounded.
The gnoll hits you with a halberd!
* * * LOW HITPOINT WARNING * * *
You are too injured to fight recklessly!
You are too injured to fight recklessly!
You are too injured to fight recklessly!
You are too injured to fight recklessly!
You are too injured to fight recklessly!
You hit the gnoll.
The gnoll is poisoned.
The gnoll is moderately wounded.
The gnoll hits you with a halberd!
* * * LOW HITPOINT WARNING * * *
You closely miss the gnoll. You kick the gnoll, but do no damage.
The gnoll is moderately wounded.
The gnoll hits you but does no damage.
The gnoll hits you from afar with a halberd!
You die...

. #. #.# #. #.# #.
#.###########. #.#
#....(........
#.######.............
###.g)@...........####.
#....†)...........(.##.
#.#.######.######.#.##.
#(#.# #.# ##.#.##.
#().#### #.# ##....##.
##(....# #.# ##.....##.
#...#.# #.# #....(..#.
#.#..)###.# #.........
#....)....# #.......#.


You could see a gnoll.

Vanquished Creatures
  3 black bears
  3 orc warriors
  A necrophage (D:6)
  2 ogres (D:6)
  3 centaurs
  A big kobold (D:7)
  A bullfrog (D:6)
  2 bullfrog zombies
  2 crimson imps
  3 hounds
  2 orc priests (D:6)
  2 bullfrog skeletons (D:7)
  A gnoll shaman (D:7)
  An iguana (D:5)
  Ijyb (D:3)
  3 orc wizards (D:6)
  3 worker ants
  A hound zombie (D:5)
  A hound skeleton (D:6)
  7 gnolls
  8 adders
  2 shadow imps (D:7)
  An ooze (D:2)
  An adder zombie (D:7)
  4 worms
  2 dart slugs
  2 leopard geckos
  21 orcs
  3 giant cockroaches
  8 goblins
  13 hobgoblins
  13 jackals
  13 kobolds
  5 quokkas
  9 bats
  7 frilled lizards
  A leopard gecko skeleton (D:5)
  A leopard gecko zombie (D:7)
  A quokka skeleton (D:4)
  11 rats
169 creatures vanquished.

Notes
Turn   | Place    | Note
-------+----------+-------------------------------------------
     0 | D:1      | Jerry the Demonspawn Monk began the quest for the Orb.
     0 | D:1      | Reached XP level 1. HP: 18/18 MP: 1/1
   203 | D:1      | Gained mutation: You are immune to rotting. [demonic ancestry]
   203 | D:1      | Reached XP level 2. HP: 23/24 MP: 2/2
   249 | D:1      | Reached skill level 1 in Armour
   720 | D:2      | Reached skill level 3 in Long Blades
   744 | D:2      | Reached XP level 3. HP: 27/29 MP: 3/3
   874 | D:2      | Reached XP level 4. HP: 25/35 MP: 4/4
  2080 | D:3      | Gained mutation: You are slightly more attuned to the shadows. [demonic ancestry]
  2080 | D:3      | Reached XP level 5. HP: 32/41 MP: 3/5
  2662 | D:3      | Noticed Ijyb
  2664 | D:3      | Found a radiant altar of Vehumet.
  2779 | D:3      | Killed Ijyb
  2816 | D:3      | Learned a level 2 spell: Repel Missiles
  3060 | D:3      | Noticed an orc warrior
  3097 | D:3      | Reached skill level 4 in Long Blades
  3119 | D:3      | Killed an orc warrior
  3119 | D:3      | Reached skill level 1 in Air Magic
  3119 | D:3      | Gained mutation: You are partially covered in yellow scales. (AC +2) [demonic ancestry]
  3119 | D:3      | Reached XP level 6. HP: 20/47 MP: 3/6
  3517 | D:4      | Found a shattered altar of Ashenzari.
  3625 | D:4      | Reached skill level 1 in Charms
  3798 | D:4      | Noticed Otomara's ghost (amateur GrEE)
  3812 | D:5      | Entered Level 5 of the Dungeon
  4000 | D:5      | Found Heqatokk's Gadget Boutique.
  4321 | D:5      | Reached skill level 1 in Short Blades
  4346 | D:5      | Reached XP level 7. HP: 51/52 MP: 5/7
  4448 | D:5      | Found a snail-covered altar of Cheibriados.
  4628 | D:5      | Found a staircase to the Ecumenical Temple.
  4666 | Temple   | Entered the Ecumenical Temple
  4811 | D:5      | Got a transparent crystal amulet
  5288 | D:4      | Reached skill level 5 in Dodging
  5675 | D:6      | Reached skill level 5 in Long Blades
  5675 | D:6      | Gained mutation: You are mostly covered in yellow scales. (AC +3) [demonic ancestry]
  5675 | D:6      | Reached XP level 8. HP: 34/58 MP: 4/8
  6250 | D:6      | Gained mutation: You evolve. [potion of mutation]
  6250 | D:6      | Gained mutation: You are weak. (Str -2) [potion of mutation]
  6250 | D:6      | Gained mutation: You are occasionally teleported next to monsters. [potion of mutation]
  6459 | D:6      | Gained mutation: You are completely covered in yellow scales. (AC +4, rCorr) [potion of mutation]
  6459 | D:6      | Gained mutation: You are agile. (Dex +2) [potion of mutation]
  6459 | D:6      | Lost mutation: You are agile. (Dex +2) [potion of mutation]
  6756 | D:6      | Found a bloodstained altar of Trog.
  6937 | D:6      | Identified the amulet "Weifuosa" {+Rage rC++ Int+2} (You found it on level 5 of the Dungeon)
  6979 | D:6      | Reached skill level 6 in Long Blades
  7279 | D:7      | Gained mutation: You have large cloven feet. [demonic ancestry]
  7279 | D:7      | Reached XP level 9. HP: 63/63 MP: 9/9
  7659 | D:7      | Slain by a gnoll

Skill      XL: |  1  2  3  4  5  6  7  8 |
---------------+-------------------------+-----
Dodging        | 3 4 5 |  5.1
Armour         | 1 2 3 4 |  4.2
Long Blades    | 3 4 5 6 |  6.4
Air Magic      | 1 4 |  4.2
Charms         | 1 4 |  4.2
Stealth        | 2 |  2.4
Short Blades   | 1 |  1.5
Fighting       | |  3.0

Action                   |  1- 3 |  4- 6 |  7- 9 || total
-------------------------+-------+-------+-------++-------
Melee: Falchion          |    93 |   143 |       ||   236
       Spear             |       |    99 |       ||    99
       Rapier            |       |    52 |   291 ||   343
       Kick              |       |       |    16 ||    16
 Cast: Repel Missiles    |       |       |     1 ||     1
  Use: Potion            |       |       |     6 ||     6
       Scroll            |       |       |    17 ||    17
 Stab: Sleeping          |     3 |    10 |     6 ||    19
       Distracted        |       |     1 |       ||     1
  Eat: Chunk             |       |    11 |    11 ||    22
Armor: Robe              |    27 |    26 |       ||    53
       Leather armour    |       |    32 |    92 ||   124
Dodge: Dodged            |    84 |   196 |   224 ||   504
       Deflected         |       |       |     1 ||     1
       Rpst.: Falchion   |    33 |    33 |       ||    66
